 Dungeon Crawl Stone Soup version 0.23.1 (webtiles) character file.

Game seed: 7875976826044230345

21 redwoodhats the Magician (level 2, 0/22 HPs)
             Began as a Mummy Skald on Mar 19, 2019.
             Slain by a jackal (3 damage)
             ... on level 1 of the Dungeon.
             The game lasted 00:03:35 (498 turns).

redwoodhats the Magician (Mummy Skald)               Turns: 498, Time: 00:03:36

Health: 0/22       AC:  3    Str: 14    XL:     2   Next: 62%
Magic:  2/5        EV: 11    Int: 12    God:
Gold:   29         SH:  0    Dex: 11    Spells: 5/6 levels left

rFire    x . .     SeeInvis .   a - +0 mace
rCold    + . .     Gourm    .   (no shield)
rNeg     + + +     Faith    .   b - +0 leather armour
rPois    ∞         Spirit   .   (no helmet)
rElec    .         Reflect  .   (no cloak)
rCorr    .         Harm     .   (no gloves)
MR       .....                  (no boots)
Stlth    +.........             (no amulet)
HPRegen  0.07/turn              (no ring)
MPRegen  0.09/turn              (no ring)

@: about to teleport, very slightly contaminated
A: no food or potions, fire vulnerability, cold resistance 1, negative energy
resistance 3, torment resistance, unbreathing
a: no special abilities


You were on level 1 of the Dungeon.
You were not hungry.

You visited 1 branch of the dungeon, and saw 1 of its levels.

You collected 29 gold pieces.

Inventory:

Hand Weapons
 a - a +0 mace (weapon)
Armour
 b - a +0 leather armour (worn)
Scrolls
 c - 2 scrolls of identify {unknown}


   Skills:
 + Level 2.1 Fighting
 + Level 2.0 Maces & Flails
 + Level 0.8 Armour
 + Level 1.6 Dodging
 + Level 2.9 Spellcasting
 + Level 2.6 Charms


You had 5 spell levels left.
You knew the following spells:

 Your Spells              Type           Power        Failure   Level  Hunger
a - Infusion              Chrm           #...         11%         1    N/A

Your spell library contained the following spells:

 Spells                   Type           Power        Failure   Level  Hunger
 Song of Slaying          Chrm           #.......     16%         2    N/A
 Shroud of Golubria       Chrm/Tloc      #.........   26%         2    N/A
 Spectral Weapon          Hex/Chrm       #.......     47%         3    N/A
 Regeneration             Chrm/Necr      Unusable     N/A         3    N/A

Dungeon Overview and Level Annotations

Branches:
Dungeon (1/15)

Altars:


Innate Abilities, Weirdness & Mutations

You do not eat or drink.
Your flesh is vulnerable to fire.
You are immune to poison.
Your flesh is cold resistant. (rC+)
You are immune to negative energy. (rN+++)
You are immune to unholy pain and torment.
You can survive without breathing.


Message History

You kill the jackal!
The jackal bites you.
* * * LOW HITPOINT WARNING * * *
The jackal bites you but does no damage. x2
You hit the jackal.
The jackal is moderately wounded.
The jackal bites you but does no damage.
The jackal barely misses you. The jackal closely misses you.
The jackal bites you.
* * * LOW HITPOINT WARNING * * *
You closely miss the jackal.
The jackal is moderately wounded.
The jackal barely misses you. The jackal misses you.
The jackal bites you but does no damage.
The jackal closely misses you. The jackal bites you.
* * * LOW HITPOINT WARNING * * *
As you read the scroll labeled TYBINL REHOIL, it crumbles to dust.
You feel strangely unstable.
It was a scroll of teleportation.
The jackal bites you.
You die...

##...####.#
###...##.# ##...#.#
###### ###...##.#
##....# #
##...####.#
###..)#.#########
...### #.#
###...###..........
##.†.####.#
##...###
#....†.....
###...##.# #..h##
#..........
##..!#.# ##.@h###
#..........
###...##.#
###h..###...##.....
##...####.#
###...#....).....
...######.#
#h..###......###.
#.........# #..h###
#...##.....
########### #...#
#.......... ##..
#.#####.##. ## #.
#.##. # #....


You could see 3 jackals.

Vanquished Creatures
  A leopard gecko (D:1)
  2 bats (D:1)
  A giant cockroach (D:1)
  2 goblins (D:1)
  A jackal (D:1)
  5 kobolds (D:1)
  3 frilled lizards (D:1)
  3 rats (D:1)
18 creatures vanquished.

Notes
Turn   | Place    | Note
-------+----------+-------------------------------------------
     0 | D:1      | redwoodhats the Mummy Skald began the quest for the Orb.
     0 | D:1      | Reached XP level 1. HP: 16/16 MP: 4/4
   130 | D:1      | Reached XP level 2. HP: 18/22 MP: 2/5
   498 | D:1      | Slain by a jackal

Skill      XL: |  1  2 |
---------------+-------+-----
Maces & Flails | 2 |  2.0
Fighting       | |  2.1
Armour         | |  0.8
Dodging        | |  1.6
Spellcasting   | |  2.9
Charms         | |  2.6

Action                   || total
-------------------------++-------
Melee: Mace              ||    57
 Cast: Infusion          ||     8
  Use: Scroll            ||     1
Armor: Leather armour    ||    29
Dodge: Dodged            ||    40
